 Dungeon Crawl Stone Soup version 0.32-a0-705-g60f233581c (webtiles) character file.

Game seed: 18161921379455058948

42 cforsyth the Chopper (level 3, 0/31 HPs)
             Began as a Mountain Dwarf Cinder Acolyte on Mar 14, 2024.
             Was a High Priest of Ignis.
             Slain by Robin
             ... wielding a +3 spear
              (5 damage)
             ... while paralysed by Grinder
             ... on level 3 of the Dungeon.
             The game lasted 00:03:06 (2224 turns).

cforsyth the Chopper (MDCA)                         Turns: 2224, Time: 00:03:10

Health: 0/31       AC:  2    Str: 16    XL:     3   Next: 33%
Magic:  12/14      EV:  2    Int: 16    God:    Ignis [*****.]
Gold:   159        SH:  0    Dex:  5    Spells: 2/4 levels left

rFire   + . .        a - -1 hand axe (flame)
rCold   . . .        (no shield)
rNeg    . . .        b - +0 robe
rPois   +            (no helmet)
rElec   .            i - scarf {repulsion}
rCorr   +            (no gloves)
SInv    +            (no boots)
Will    .....        (no amulet)
Stlth   +            E - +5 ring of evasion
HPRegen 0.25/turn    l - ring "Kaonuigi" {^Contam rPois rCorr MP+9 SInv}
MPRegen 0.14/turn

%: repel missiles
@: paralysed
A: runic magic, artefact enchanting
a: Renounce Religion, Fiery Armour, Foxfire Swarm, Rising Flame


You were on level 3 of the Dungeon.
You worshipped Ignis.
Ignis was extremely pleased with you.
You visited 1 branch of the dungeon, and saw 4 of its levels.

You collected 159 gold pieces.


Innate Abilities, Weirdness & Mutations

Your spellcasting is much less encumbered by armour.
You can use scrolls of enchantment on lesser artefacts.


   Skills:
 + Level 3.6 Fighting
 + Level 4.1 Axes
 + Level 1.2 Armour
 + Level 1.4 Spellcasting
 + Level 4.0 Fire Magic


You had 2 spell levels left.
You knew the following spells:

 Your Spells              Type           Power      Damage    Failure   Level
X - Scorch                Fire           28%        2d6       6%          2

Your spell library contained the following spells:

 Spells                   Type           Power      Damage    Failure   Level
 Slow                     Hex            4%         N/A       22%         1
 Sting                    Conj/Alch      4%         1d3       22%         1
 Mercury Vapours          Alch/Air       2%         N/A       32%         2
 Confusing Touch          Hex            1%         N/A       54%         3
 Vampiric Draining        Necr           1%         2d6       54%         3
 Olgreb's Toxic Radiance  Alch           1%         N/A       91%         4

Inventory:

Hand Weapons
 a - a -1 hand axe of flaming (weapon)
 d - a +0 war axe
Armour
 b - a +0 robe (worn)
 i - a scarf of repulsion (worn)
Jewellery
 l - the ring "Kaonuigi" (right hand) {^Contam rPois rCorr MP+9 SInv}
   (You found it on level 3 of the Dungeon)

   [ring of resist corrosion]

   rPois:     It protects you from poison.
   MP+9:      It affects your magic capacity (+9).
   SInv:      It lets you see invisible.
   ^Contam:   It causes magical contamination when unequipped.
   rCorr:     It protects you from acid and corrosion.
 E - a +5 ring of evasion (left hand)
Scrolls
 e - a scroll of revelation {unknown}
 f - 4 scrolls of identify {unknown}
 k - a scroll of blinking {unknown}
Potions
 c - a potion of berserk rage {unknown}
 g - a potion of might {unknown}
 h - 3 potions of curing {unknown}
 j - a potion of ambrosia {unknown}

Dungeon Overview and Level Annotations

Branches:
Dungeon (4/15)
 Temple: D:4-7

Altars:

Annotations:
D:3 Grinder, Robin

# ##..........# #÷.... ..
.#...........# #K###.
.g....#.........# #.# #.
g... ...........# #.# #.
g..g.##.........# #.# #.
..g...)....÷....# ##.# #.
.r...$#...g.....# #..# #.
..... #.5.......# #.## #.
#### #.@.......###K###..
##..............#
#.###.###..#.#.#.#
#.##...##........#
#.#.....#.##.##...
#.......#.........
########.#.....#.........
.........##...##..<......
#.####...#######.......##


You could see Grinder and Robin.


Message History

Unknown command.
You climb upwards.
There is a stone staircase leading down here.
You start resting.
HP restored.
Magic restored.
You climb downwards.
Level annotation: Grinder Robin of the Strong Arm comes into view.
They are wielding a +3 spear.
There is a stone staircase leading up, spattered with blood here.
Unknown command.
Robin shouts!
You can't see any susceptible monsters within range! (Use Z to cast anyway.) Flames lash Grinder.
Grinder is lightly wounded.
Grinder's fire resistance burns away.
Grinder gestures at you.
You suddenly lose the ability to move!
Grinder hits you!
You writhe in agony.
Robin hits you from afar with a +3 spear!
* * * LOW HITPOINT WARNING * * *
Grinder is no longer more vulnerable to fire.
Grinder hits you.
* * * LOW HITPOINT WARNING * * *
You writhe in agony.
* * * LOW HITPOINT WARNING * * *
Robin hits you from afar with a +3 spear.
You die...
Robin says, "And that's why I'm the boss."
Ignis goes out, and joins you in death.

Skill      XL: |  1  2 |
---------------+-------+-----
Armour         | 1 |  1.2
Axes           | 4 |  4.1
Fire Magic     | 4 |  4.0
Fighting       | |  3.6
Spellcasting   | |  1.4

Action                     || total
---------------------------++-------
  Melee: Hand axe          ||    74
   Cast: Scorch            ||     7
 Armour: Robe              ||    48
  Dodge: Dodged            ||    52
         Repelled          ||     4

Levels and vault maps discovered:
D:1:      dpeg_arrival_tiny_h, layout_basic
D:2:      layout_basic
D:3:      layout_rooms, nicolae_wu_jian_wuxing_cycle, basic_ecumenical_altar,
          minmay_misc_feat_enclosed, minmay_checkerbox, uniq_grinder, uniq_robin
D:4:      layout_basic, lemuel_doored_altar, mainiacjoe_overflow_tiny_flanked,
          nicolae_tso_carved_into_rock, serial_co_window_serial,
          co_window_paths_a, co_window_paths_b, co_window_paths_b,
          co_window_corner_a, co_window_corner_a, co_window_corner_a,
          co_window_broadway_a, co_window_corner_b, co_window_cross_3,
          co_window_unsneaky_path_e, co_window_of_opportunity_b,
          glass_columns_a, glass_columns_a, glass_columns_b

Notes
Turn   | Place    | Note
-------+----------+-------------------------------------------
     0 | D:1      | cforsyth the Mountain Dwarf Cinder Acolyte began the quest
                  | for the Orb.
     0 | D:1      | Reached XP level 1. HP: 19/19 MP: 2/2
   214 | D:1      | Reached XP level 2. HP: 26/26 MP: 3/3
  1537 | D:3      | Reached skill level 1 in Armour
  1577 | D:3      | Identified the ring "Kaonuigi" {^Contam rPois rCorr MP+9
                  | SInv}
  1726 | D:3      | Reached skill level 4 in Axes
  1726 | D:3      | Reached skill level 4 in Fire Magic
  1726 | D:3      | Reached XP level 3. HP: 24/31 MP: 5/5
  1729 | D:3      | Learned a level 2 spell: Scorch
  1758 | D:3      | Noticed Grinder
  1930 | D:3      | Paralysed by Grinder for 2 turns
  1948 | D:4      | Noticed an ogre
  2217 | D:3      | Noticed Robin
  2220 | D:3      | Paralysed by Grinder for 5 turns
  2224 | D:3      | Slain by Robin

Vanquished Creatures
  An adder (D:3)
  2 endoplasms
  2 giant cockroaches (D:1)
  6 goblins
  4 hobgoblins
  3 jackals (D:1)
  3 quokkas
  3 bats
  4 rats
28 creatures vanquished.

Table legend: (Time is in decaauts)
 A = Elapsed time spent in this place.
 B = Non-inter-level travel time spent in this place.
 C = Inter-level travel time spent in this place.
 D = Time resting spent in this place.
 E = Time spent auto-exploring this place.
 F = Levels seen in this place.
 G = Mean time per level.
                   A        B        C        D        E       F      G
               +--------+--------+--------+--------+--------+-----+--------+
         Total |   2232 |   2209 |     23 |    109 |   1581 |   4 |  558.0 |
       Dungeon |   2232 |   2209 |     23 |    109 |   1581 |   4 |  558.0 |
               +--------+--------+--------+--------+--------+-----+--------+

Top non-repeatable levels by time:
     D:2: 1039 daAuts
     D:1: 770 daAuts
     D:3: 402 daAuts
     D:4: 19 daAuts

Table legend:
 A = Non-vault XP
 B = Vault XP
 C = Vault XP percentage of total XP
 D = Non-vault monster count
 E = Vault monster count
 F = Vault count percentage of total count
                 A         B        C        D         E       F
            +---------+---------+-------+---------+---------+-------
      Total |      51 |       9 |  15.0 |      23 |       5 |  17.9
            +---------+---------+-------+---------+---------+-------
        D:1 |      17 |       0 |   0.0 |      10 |       0 |   0.0
        D:2 |       7 |       0 |   0.0 |       4 |       0 |   0.0
        D:3 |      27 |       9 |  25.0 |       9 |       5 |  35.7
            +---------+---------+-------+---------+---------+-------
